 Dungeon Crawl Stone Soup version 0.23.2-1-ga50397a (webtiles) character file.

Game seed: 13330265743516942081

1476 Fang the Skirmisher (level 8, -14/78 HPs)
             Began as a Gargoyle Berserker on May 29, 2019.
             Was a Priest of Trog.
             Demolished by an ogre
             ... wielding a +0 giant club
              (21 damage)
             ... on level 5 of the Dungeon.
             The game lasted 00:06:08 (4005 turns).

Fang the Skirmisher (Gargoyle Berserker)            Turns: 4005, Time: 00:06:08

Health: -14/78     AC:  0    Str: 29    XL:     8   Next: 78%
Magic:  8/8        EV: 16    Int:  7    God:    Trog [***...]
Gold:   69         SH:  0    Dex:  9    Spells: 7/7 levels left

rFire    . . .     SeeInvis .   (weapon currently unavailable)
rCold    . . .     Gourm    .   (shield currently unavailable)
rNeg     + . .     Faith    .   (armour currently unavailable)
rPois    ∞         Spirit   .   (helmet currently unavailable)
rElec    .         Reflect  .   (cloak currently unavailable)
rCorr    .         Harm     .   (gloves currently unavailable)
MR       ++...                  (boots currently unavailable)
Stlth    ..........             (no amulet)
HPRegen  1.23/turn              (ring currently unavailable)
MPRegen  0.11/turn              (ring currently unavailable)

@: berserking, pig-form, regenerating, very quick
A: small, negative energy resistance 1, petrification resistance, rot immunity,
AC +5
a: Berserk, Trog's Hand, Renounce Religion


You were on level 5 of the Dungeon.
You worshipped Trog.
Trog was most pleased with you.
You were very hungry.
You were a filthy swine.
You visited 1 branch of the dungeon, and saw 5 of its levels.
You also visited: Sewer.

You collected 69 gold pieces.

Inventory:

Hand Weapons
 a - a +0 war axe
 d - a +1 hand axe of venom (melded)
Armour
 b - a +0 plate armour (melded)
Jewellery
 e - a +4 ring of protection (melded)
 m - a ring of magical power (melded)
Wands
 j - a wand of disintegration (7)
Scrolls
 h - 3 scrolls of identify
 q - a scroll of magic mapping
 x - 3 scrolls of fear
Potions
 g - 4 potions of curing
 i - a potion of agility {unknown}
 k - a potion of mutation {unknown}
 l - 2 potions of magic {unknown}
 r - a potion of lignification {unknown}
 t - a potion of haste {unknown}
 z - a potion of might {unknown}
 A - a potion of flight {unknown}
Comestibles
 c - 8 rations
 f - 9 chunks of flesh


   Skills:
 + Level 6.6 Fighting
 + Level 5.5 Axes
 + Level 6.1 Armour
 + Level 4.6 Dodging


You had 7 spell levels left.
You didn't know any spells.
Your spell library was empty.

Dungeon Overview and Level Annotations

Branches:
Dungeon (5/15)
 Temple: D:4-7

Altars:
Hepliaklqana
Vehumet


Innate Abilities, Weirdness & Mutations

You are resistant to torment.
((Your stone body is resilient. (AC +5)))
You are immune to poison.
You resist negative energy. (rN+)
((You are resistant to electric shocks. (rElec)))
((You can survive without breathing.))
You are immune to petrification.
You are immune to rotting.


Message History

The centaur zaps a wand.
You resist with some effort.
It was a potion of curing.
You feel better.
The centaur hits you with a cursed -2 shortbow!
* * * LOW HITPOINT WARNING * * *
The centaur hits you with a cursed -2 shortbow.
* * * LOW HITPOINT WARNING * * *
Your skin crawls.
You feel resistant to hostile enchantments.
You feel somewhat more hungry. The centaur barely misses you.
The ogre barely misses you.
A red film seems to cover your vision as you go berserk!
You feel yourself moving faster!
You feel mighty!
You are feeling very hungry.
The centaur misses you.
You bite the centaur!
The centaur is severely wounded.
The centaur zaps a wand.
You resist with almost no effort.
The iguana hisses menacingly.
The ogre hits you with a +0 giant club!!
You die...

,********,,,****,,,,,,,,*
*,*<*,, ,*
*,,,*####.......* *,*,*,,
,********,,,*#..........*
*,*,,,,
,,,,,,,**.,,*#..........*
*,*,*,,
,,,,,,,**..,*#..........#
*,*,**,
,,,,,,,**...##..........*
*,*,,,,
,,,,,,,**...............*
*,*,***
,,,,,,,***#)...lO.......*
*,,,,,, ,,,,,,,*
#....ch.##.#*** ***,***
******** #......(##.# *,*
#......((..# *,*
#...?.....†# *,*
#####....(.# *,*
#......########,*
#......(......#,*
######........#,#
#....)...#.#


You could see an ogre, a centaur and an iguana.

Vanquished Creatures
  Pikel (D:4)
  Prince Ribbit (D:5)
  4 slaves (D:4)
  A sky beast (D:5)
  An ogre (D:5)
  2 big kobolds (Sewer)
  A scorpion (D:4)
  A jelly (D:5)
  A hound (D:4)
  Crazy Yiuf (D:2)
  Jessica (D:2)
  An iguana (D:4)
  6 orc wizards
  A worker ant (D:5)
  4 river rats (Sewer)
  2 adders
  An ooze (D:1)
  A worm (Sewer)
  2 dart slugs
  5 leopard geckos
  6 orcs
  4 bats
  6 giant cockroaches
  11 goblins
  5 hobgoblins
  6 jackals
  8 kobolds
  5 ball pythons
  A quokka skeleton (D:4)
  A quokka zombie (D:5)
  14 rats
105 creatures vanquished.

Notes
Turn   | Place    | Note
-------+----------+-------------------------------------------
     0 | D:1      | Fang the Gargoyle Berserker began the quest for the Orb.
     0 | D:1      | Reached XP level 1. HP: 14/14 MP: 1/1
   240 | D:1      | Reached XP level 2. HP: 13/19 MP: 2/2
   645 | D:1      | Reached XP level 3. HP: 14/23 MP: 3/3
   946 | D:1      | Reached ** piety under Trog
  1160 | D:2      | Noticed Jessica
  1171 | D:2      | Killed Jessica
  1171 | D:2      | Reached XP level 4. HP: 25/29 MP: 4/4
  1363 | D:2      | Found a runed translucent door.
  1364 | D:2      | Noticed Crazy Yiuf
  1591 | D:2      | Reached XP level 5. HP: 6/33 MP: 5/5
  2257 | D:2      | Killed Crazy Yiuf
  2470 | D:3      | Found a radiant altar of Vehumet.
  2870 | D:4      | Reached XP level 6. HP: 39/39 MP: 6/6
  3069 | D:4      | Found a hazy altar of Hepliaklqana.
  3076 | D:4      | Noticed Pikel
  3076 | D:4      | Noticed a slave
  3076 | D:4      | Noticed a slave
  3076 | D:4      | Noticed a slave
  3083 | D:4      | Noticed a slave
  3104 | D:4      | Killed a slave
  3104 | D:4      | Killed a slave
  3109 | D:4      | Killed Pikel
  3109 | D:4      | Reached *** piety under Trog
  3109 | D:4      | Reached skill level 5 in Fighting
  3109 | D:4      | Reached skill level 5 in Armour
  3109 | D:4      | Reached XP level 7. HP: 41/44 MP: 7/7
  3187 | D:4      | Found a glowing drain.
  3218 | Sewer    | Entered a sewer
  3311 | Sewer    | Reached XP level 8. HP: 51/51 MP: 8/8
  3413 | Sewer    | Reached skill level 5 in Axes
  3778 | D:5      | Entered Level 5 of the Dungeon
  3820 | D:5      | Noticed Prince Ribbit
  3835 | D:5      | Killed Prince Ribbit
  3998 | D:5      | HP: 2/52 [centaur/arrow (12)]
  4005 | D:5      | Demolished by an ogre

Skill      XL: |  1  2  3  4  5  6  7  8 |
---------------+-------------------------+-----
Axes           | 3 4 5 |  5.5
Dodging        | 2 3 4 |  4.6
Armour         | 3 5 6 |  6.1
Fighting       | 4 5 6 |  6.6

Action                   |  1- 3 |  4- 6 |  7- 9 || total
-------------------------+-------+-------+-------++-------
Melee: Hand axe          |    66 |   121 |   134 ||   321
       Unarmed           |       |       |     2 ||     2
Invok: Berserk           |       |     4 |     1 ||     5
       Trog's Hand       |       |       |     1 ||     1
  Use: Scroll            |       |       |    10 ||    10
       Potion            |       |       |     1 ||     1
  Eat: Chunk             |     1 |     9 |     4 ||    14
Armor: Animal skin       |    20 |    27 |       ||    47
       Plate armour      |       |    59 |    84 ||   143
Dodge: Dodged            |    49 |    51 |    52 ||   152
